 Dungeon Crawl Stone Soup version 0.27.0-1-g7a089689b8 (webtiles) character file.

Game seed: 11672369407647656672

37 hawla the Grave Robber (level 3, -3/20 HPs)
             Began as a Deep Elf Necromancer on Aug 1, 2021.
             Slain by a white imp (4 damage)
             ... summoned by Natasha
             ... on level 2 of the Dungeon.
             The game lasted 00:04:29 (1706 turns).

hawla the Grave Robber (Deep Elf Necromancer)       Turns: 1706, Time: 00:04:30

Health: -3/20      AC:  3    Str:  3 (5)  XL:     3   Next: 21%
Magic:  4/10       EV: 12    Int: 18 (20) God:
Gold:   57         SH:  3    Dex: 12 (15) Spells: 7/9 levels left

rFire    . . .     SeeInvis .   (no weapon)
rCold    . . .     Faith    .   g - +0 buckler
rNeg     . . .     Spirit   .   a - +0 robe
rPois    .         Reflect  .   b - +0 helmet
rElec    .         Harm     .   (no cloak)
rCorr    .         Rampage  .   (no gloves)
Will     .....                  (no boots)
Stlth    ++........             (no amulet)
HPRegen  0.06/turn              (no ring)
MPRegen  0.12/turn              (no ring)

@: mighty
A: no striking features
a: no special abilities


You were on level 2 of the Dungeon.
You visited 1 branch of the dungeon, and saw 2 of its levels.

You collected 57 gold pieces.

Inventory:

Armour
 a - a +0 robe (worn)
 b - a +0 helmet (worn)
 g - a +0 buckler (worn)
Scrolls
 c - a scroll of identify
Potions
 e - a potion of degeneration


   Skills:
 + Level 0.8 Fighting
 + Level 2.9 Dodging
 - Level 3.0 Stealth
 + Level 0.1 Shields
 + Level 3.5 Spellcasting
 + Level 5.1 Necromancy


You had 7 spell levels left.
You knew the following spells:

 Your Spells              Type           Power      Damage    Failure   Level
a - Pain                  Necr           84%        1d8       3%          1
b - Animate Skeleton      Necr           42%        N/A       3%          1

Your spell library contained the following spells:

 Spells                   Type           Power      Damage    Failure   Level
 Vampiric Draining        Necr           10%        2d7       10%         3
 Foxfire                  Conj/Fire      12%        2x1d4     26%         1
 Animate Dead             Necr           10%        N/A       30%         4
 Conjure Flame            Conj/Fire      3%         6-21      58%         3
 Inner Flame              Hex/Fire       3%         N/A       58%         3
 Agony                    Necr           21%        N/A       65%         5


Dungeon Overview and Level Annotations

Branches:
Dungeon (2/15)

Altars:

Annotations:
D:2 Natasha


Message History

Confirm with . or Enter, or press ? or * to list all spells.
Aiming: Pain (safe; 2% risk of failure)
Press: ? - help, Shift-Dir - straight line, f/p - dart slug
Aim: a dart slug (heavily wounded, chance to affect: 92%)
The dart slug writhes in agony.
The dart slug barely misses you.
Casting: Pain (safe; 2% risk of failure)
Confirm with . or Enter, or press ? or * to list all spells.
Aiming: Pain (safe; 2% risk of failure)
Press: ? - help, Shift-Dir - straight line, f/p - dart slug
Aim: a dart slug (severely wounded, chance to affect: 92%)
The dart slug writhes in agony!
You kill the dart slug!
Natasha wildly gestures.
You feel disoriented.
Natasha mumbles some strange words.
Casting: Pain (safe; 2% risk of failure)
Confirm with . or Enter, or press ? or * to list all spells.
You don't know that spell.
As you read the scroll labelled JAESACH KUPT, it crumbles to dust.
You hear a loud clanging noise!
It was a scroll of noise.
You hear a shout!
The white imp closely misses you.
It was a potion of degeneration.
There was something very wrong with that liquid.
You feel weakened.
You feel dopey.
You feel clumsy. The white imp gestures at you. The puff of frost hits you!
* * * LOW HITPOINT WARNING * * *
Unknown command.
You feel very mighty all of a sudden.
The white imp shouts, "Bolt, thou lumpish fool-headed lewdster!"
The white imp gestures at you. The puff of frost misses you.
You hit the white imp.
The white imp is lightly wounded.
The white imp hits you.
* * * LOW HITPOINT WARNING * * *
The white imp freezes you.
You die...

##### ....# ###....###
#.5....... #h#....###
#S#....# #5#....#
#@#....# #.#....#
#.######
#.################
#>..).............
#####.################
#.....# #......
#.....# #######......
#.....# #............


You could see Natasha, a crimson imp (summoned), an adder and a white imp
(summoned).

Vanquished Creatures
  A dart slug (D:2)
  3 bats
  3 endoplasms
  2 giant cockroaches (D:1)
  7 goblins
  4 hobgoblins
  2 kobolds
  A quokka (D:1)
  2 ball pythons
  2 frilled lizards
  3 rats (D:1)
30 creatures vanquished.

Notes
Turn   | Place    | Note
-------+----------+-------------------------------------------
     0 | D:1      | hawla the Deep Elf Necromancer began the quest for the Orb.
     0 | D:1      | Reached XP level 1. HP: 10/10 MP: 6/6
   319 | D:1      | Reached XP level 2. HP: 13/16 MP: 5/8
   448 | D:1      | Reached skill level 5 in Necromancy
   573 | D:1      | Learned a level 1 spell: Animate Skeleton
   970 | D:1      | Found a faded altar of an unknown god.
   970 | D:1      | Noticed a floating eye
   978 | D:1      | Noticed a floating eye
   989 | D:1      | Noticed a floating eye
   989 | D:1      | Noticed a shining eye
  1298 | D:2      | Reached XP level 3. HP: 19/20 MP: 7/9
  1686 | D:2      | Noticed Natasha
  1704 | D:2      | HP: 1/20 [white imp/puff of frost[Natasha] (8)]
  1706 | D:2      | Slain by a white imp

Illustrated notes

Levels and vault maps discovered:
D:1:      lightli_molten_gateway, layout_rooms,
          hellmonk_ecumenical_altar_watching_god
D:2:      layout_basic, uniq_natasha

Skill      XL: |  1  2  3 |
---------------+----------+-----
Necromancy     | 5 |  5.1
Stealth        | 3 |  3.0
Fighting       | |  0.8
Dodging        | |  2.9
Shields        | |  0.1
Spellcasting   | |  3.5

Action                   || total
-------------------------++-------
Melee: Unarmed           ||     4
 Cast: Pain              ||    53
  Use: Scroll            ||     4
       Potion            ||     2
Armor: Robe              ||     2
Dodge: Dodged            ||    12
Block: Buckler           ||     2
